Construct Infanterie Kompanie
Selects Luftwaffe Battlegroup
Selects Luftwaffe Pioneer Support
Fallschirmpioneer Squad Paradrop
Construct Luftwaffe Kompanie
Selects Stuka Strafing Run
Luftwaffe Officer Quarters
Selects Fallschirmjäger Squad Paradrop
Selects Fallschirmjäger Squad Paradrop
Selects Fallschirmjäger Squad Paradrop
Selects Fragmentation Bombs
Marder III M Tank Destroyer
Construct Panzergrenadier Kompanie
Nebelwerfer 42 Rocket Launcher Team
Fallschirmpioneer Squad Paradrop